 Dungeon Crawl Stone Soup version 0.24.0-1-gfbc8707122 (webtiles) character file.

Game seed: 15524390852268006440, levelgen mode: deterministic

282 KamiKatze the Chopper (level 6, 0/82 HPs)
             Began as a Minotaur Berserker on Oct 25, 2019.
             Was a Follower of Trog.
             Succumbed to a killer bee's poison
             ... on level 3 of the Dungeon.
             The game lasted 00:08:13 (1775 turns).

KamiKatze the Chopper (Minotaur Berserker)          Turns: 1775, Time: 00:08:13

Health: 0/82       AC:  7    Str: 28    XL:     6   Next: 6%
Magic:  5/5        EV: 12    Int:  4    God:    Trog [*.....]
Gold:   120        SH:  0    Dex: 10    Spells: 5/5 levels left

rFire    . . .     SeeInvis .   a - +0 hand axe
rCold    . . .     Gourm    .   (no shield)
rNeg     . . .     Faith    .   v - +0 ring mail
rPois    +         Spirit   .   (helmet restricted)
rElec    .         Reflect  .   (no cloak)
rCorr    .         Harm     .   (no gloves)
MR       .....                  r - +0 pair of boots
Stlth    ..........             (no amulet)
HPRegen  0.23/turn              n - ring of poison resistance
MPRegen  0.09/turn              (no ring)

@: mighty, berserking, lethally poisoned (0 -> -10), flying, very quick
A: retaliatory headbutt, horns 2
a: Berserk, Renounce Religion


You were on level 3 of the Dungeon.
You worshipped Trog.
Trog was aware of your devotion.
You were hungry.

You visited 1 branch of the dungeon, and saw 3 of its levels.

You collected 120 gold pieces.

Inventory:

Hand Weapons
 a - a +0 hand axe (weapon)
 o - a +0 spear
Missiles
 d - a throwing net
 k - 102 stones
 t - 8 boomerangs (quivered)
Armour
 f - a +0 plate armour
 r - a +0 pair of boots (worn)
 s - a +0 chain mail
 v - a +0 ring mail (worn)
Jewellery
 n - a ring of poison resistance (left hand)
 u - a +3 amulet of reflection
Scrolls
 b - a scroll of magic mapping {unknown}
 g - 5 scrolls of identify {unknown}
 j - a scroll of remove curse {unknown}
 p - a scroll of immolation {unknown}
 q - a scroll of enchant armour {unknown}
 w - a scroll of enchant weapon {unknown}
 x - 2 scrolls of fear {unknown}
 y - a scroll of random uselessness {unknown}
Potions
 e - a potion of flight
 m - a potion of lignification {unknown}
Comestibles
 c - 4 rations
 h - 3 chunks of flesh


   Skills:
 + Level 4.9 Fighting
 * Level 5.9 Axes
 + Level 4.0 Armour
 + Level 3.6 Dodging


You had 5 spell levels left.
You didn't know any spells.
Your spell library was empty.

Dungeon Overview and Level Annotations

Branches:
Dungeon (3/15)

Altars:


Innate Abilities, Weirdness & Mutations

You reflexively headbutt those who attack you in melee.
You have a pair of horns on your head.


Message History

A red film seems to cover your vision as you go berserk!
You feel yourself moving faster!
You feel mighty!
You are feeling hungry.
You feel sick. The killer bee stings you.
* * * LOW HITPOINT WARNING * * *
You are lethally poisoned!
The killer bee poisons you! The killer bee stings you.
* * * LOW HITPOINT WARNING * * *
You miss the killer bee. Your headbutt misses the killer bee.
* * * LOW HITPOINT WARNING * * *
You feel sick. The killer bee closely misses you. You furiously retaliate!
You headbutt the killer bee. You closely miss the killer bee.
Your headbutt misses the killer bee.
The killer bee is lightly wounded.
* * * LOW HITPOINT WARNING * * *
You feel sick. The killer bee stings you.
* * * LOW HITPOINT WARNING * * *
You closely miss the killer bee.
The killer bee is lightly wounded.
You die...

.....
#.#.#.#..#.....#
#...#
##......#.##.### .
#..#.###.#.###..###.#
.......#..#.# #..#
#.#
.##)##.#..÷#.###..#
#.#
....................
.#...†y.........)
##.##y########.#. #.
#@# .#.# #y #.# #.
#.# .. #.# ## #.# #.#
#.. ###


You could see 2 killer bees.

Vanquished Creatures
  4 killer bees (D:3)
  An orc wizard (D:3)
  2 adders (D:2)
  2 oozes
  2 dart slugs (D:1)
  2 leopard geckos
  2 orcs (D:3)
  4 bats
  3 giant cockroaches
  A goblin (D:2)
  5 hobgoblins
  4 jackals (D:1)
  7 kobolds
  A quokka (D:3)
  2 frilled lizards
  8 rats
50 creatures vanquished.

Notes
Turn   | Place    | Note
-------+----------+-------------------------------------------
     0 | D:1      | KamiKatze the Minotaur Berserker began the quest for the
                  | Orb.
     0 | D:1      | Reached XP level 1. HP: 19/19 MP: 0/0
    87 | D:1      | Reached XP level 2. HP: 18/27 MP: 1/1
    91 | D:1      | Reached skill level 4 in Axes
   602 | D:2      | Reached XP level 3. HP: 33/33 MP: 2/2
   802 | D:2      | Reached ** piety under Trog
  1393 | D:3      | Reached XP level 4. HP: 24/40 MP: 3/3
  1553 | D:3      | Reached skill level 5 in Axes
  1758 | D:3      | Reached XP level 5. HP: 47/47 MP: 4/4
  1770 | D:3      | Reached XP level 6. HP: 5/55 MP: 5/5
  1772 | D:3      | HP: 3/82 [killer bee (3)]
  1774 | D:3      | HP: 1/82 [killer bee (1)]
  1775 | D:3      | Succumbed to a killer bee's poison

Levels and vault maps discovered:
D:1:      onia_arrival_mini_spirals, layout_rooms,
          chequers_serial_rivers_large_a
D:2:      layout_basic
D:3:      layout_loops_ring, kennysheep_another_room, feat_on_display

Skill      XL: |  1  2  3  4  5 |
---------------+----------------+-----
Axes           | 4 5 |  5.9
Fighting       | 4 |  4.9
Armour         | 3 4 |  4.0
Dodging        | 3 |  3.6

Action                   |  1- 3 |  4- 6 || total
-------------------------+-------+-------++-------
Melee: Hand axe          |    63 |    41 ||   104
       Headbutt          |     9 |     2 ||    11
Invok: Berserk           |       |     1 ||     1
  Use: Potion            |       |     3 ||     3
 Stab: Sleeping          |     1 |       ||     1
  Eat: Chunk             |     1 |     2 ||     3
Armor: Animal skin       |    11 |       ||    11
       Ring mail         |       |     7 ||     7
Dodge: Dodged            |    34 |    35 ||    69
Block: Other             |       |     4 ||     4
       Reflection        |       |     1 ||     1
